 Dungeon Crawl Stone Soup version 0.26.0-41-g79a4fc7684 (webtiles) character file.

Game seed: 155592546060971908

2725 pkoi the Grappler (level 9, 0/84 HPs)
             Began as a Troll Monk on Jan 26, 2021.
             Was a Priest of Makhleb.
             Killed from afar by an electric eel (6 damage)
             ... with a bolt of electricity
             ... on level 7 of the Dungeon.
             The game lasted 00:08:15 (6204 turns).

pkoi the Grappler (Troll Monk)                      Turns: 6204, Time: 00:08:15

Health: 0/84       AC:  8    Str: 24    XL:     9   Next: 40%
Magic:  12/12      EV: 11    Int:  6    God:    Makhleb [***...]
Gold:   150        SH:  0    Dex: 12    Spells: 8/8 levels left

rFire    . . .     SeeInvis .     - Unarmed
rCold    . . .     Faith    .   (no shield)
rNeg     + . .     Spirit   .   a - +0 robe
rPois    .         Reflect  .   (helmet restricted)
rElec    .         Harm     .   m - +1 cloak
rCorr    .         Rampage  .   (gloves unavailable)
Will     .....                  (boots unavailable)
Stlth    ++........             (no amulet)
HPRegen  0.64/turn              q - ring of flight
MPRegen  0.13/turn              y - ring of positive energy

@: no status effects
A: large, unfitting armour, claws 3, regeneration 1, shaggy fur 1, tough skin 3
a: Renounce Religion, Evoke Flight, Minor Destruction, Lesser Servant of Makhleb


You were on level 7 of the Dungeon.
You worshipped Makhleb.
Makhleb was most pleased with you.
You visited 2 branches of the dungeon, and saw 8 of its levels.
You also visited: Sewer.

You collected 348 gold pieces.
You spent 198 gold pieces at shops.

Inventory:

Missiles
 o - 3 boomerangs (quivered)
 s - 5 javelins
 x - 24 poisoned darts
 A - 4 large rocks
Armour
 a - a +0 robe (worn)
 m - a +1 cloak (worn)
Jewellery
 j - an uncursed ring of ice
 q - a ring of flight (left claw)
 w - an uncursed ring of fire
 y - a ring of positive energy (right claw)
Wands
 u - a wand of random effects (10)
 z - a wand of digging (5)
Scrolls
 g - 3 scrolls of remove curse
 n - 2 scrolls of identify
 t - 5 scrolls of teleportation
 v - 3 scrolls of enchant armour
Potions
 b - 2 potions of degeneration {unknown}
 c - 6 potions of curing
 d - 2 potions of lignification
 e - a potion of cancellation
 f - a potion of invisibility
 h - 2 potions of might
 i - a potion of berserk rage
 k - 2 potions of haste
 l - 2 potions of brilliance
 p - 5 potions of flight {unknown}
 r - a potion of ambrosia
 B - a potion of heal wounds
 C - a potion of mutation {unknown}


   Skills:
 + Level 3.9 Fighting
 + Level 1.8 Throwing
 + Level 3.9 Dodging
 - Level 1.0 Stealth
 + Level 9.8 Unarmed Combat
 + Level 6.0 Invocations


You had 8 spell levels left.
You didn't know any spells.
Your spell library contained the following spells:

 Spells                   Type           Power        Failure   Level
 Beastly Appendage        Tmut           0%           45%         1
 Corona                   Hex            0%           45%         1
 Ensorcelled Hibernation  Hex/Ice        0%           58%         2
 Wereblood                Tmut           0%           58%         2
 Confusing Touch          Hex            0%           83%         3
 Dazzling Flash           Conj/Hex       0%           83%         3
 Spider Form              Tmut/Pois      0%           83%         3
 Tukima's Dance           Hex            0%           83%         3
 Ice Form                 Ice/Tmut       0%           99%         4
 Blade Hands              Tmut           0%           100%        5


Dungeon Overview and Level Annotations

Branches:
Dungeon (7/15)             Temple (1/1) D:5           Sewer (visited)

Altars:
Ashenzari
Cheibriados
Dithmenos
Elyvilon
Fedhas
Gozag
Hepliaklqana
Kikubaaqudgha
Makhleb
Nemelex Xobeh
Okawaru
Qazlal
Ru
Sif Muna
Trog
Uskayaw
Vehumet
Wu Jian
Xom
Yredelemnul
Zin
The Shining One

Shops:
D:6 !

Annotations:
D:4 Sigmund


Innate Abilities, Weirdness & Mutations

You are too large for most types of armour.
You have claws for hands.
Your natural rate of healing is unusually fast.
You are covered in fur. (AC +1)
You have extremely tough skin. (AC +3)


Message History

Moving in this stuff is going to be slow.
The electric eel shoots out a bolt of lightning at you!
The bolt of electricity hits you!
The electric eel shoots out a bolt of lightning at you!
The bolt of electricity hits you!
You see here an electric eel corpse.
A nearby plant withers and dies.
The electric eel shoots out a bolt of lightning at you!
The bolt of electricity hits you!
* * * LOW HITPOINT WARNING * * *
The electric eel shoots out a bolt of lightning at you!
The bolt of electricity hits you!
* * * LOW HITPOINT WARNING * * *
The electric eel shoots out a bolt of lightning at you!
The bolt of electricity hits the electric eel.
The electric eel completely resists.
The bolt of electricity hits you!
* * * LOW HITPOINT WARNING * * *
The electric eel shoots out a bolt of lightning at you!
The bolt of electricity hits you.
You die...

#.............#....
#......#########..#
#......##(...###..#
#.......#.....#....
#.......#.)...#....
#.......#.....#....
#.......#.....#....
##.....##.....##...
##@....##.....##...
###..................
##.[..................
###...≈;................
#....P≈≈P...##..##.####.
#.#≈≈≈P;....##..##.####.
# #.P≈≈P.........#...#..
.#.#P≈♣≈..........#...#..
...≈≈≈≈≈.#........#...#..


You could see 2 electric eels.

Vanquished Creatures
  Pikel (D:6)
  A water moccasin (D:6)
  A sky beast (D:6)
  A necrophage (D:6)
  3 phantoms
  An ogre (D:5)
  A lemure (D:6)
  2 big kobolds
  2 bullfrogs (D:6)
  A wyvern zombie (D:7)
  2 scorpions
  A wyvern skeleton (D:7)
  3 wights (D:6)
  5 electric eels (D:7)
  A howler monkey (D:5)
  A bullfrog zombie (D:6)
  3 hounds
  2 orc wizards
  A centaur skeleton (D:5)
  2 orc priests
  Crazy Yiuf (D:2)
  A bullfrog skeleton (D:4)
  2 iguanas
  4 worker ants
  A killer bee zombie (D:7)
  Robin (D:3)
  11 gnolls
  A river rat (D:4)
  6 adders
  A shadow imp (D:5)
  2 white imps
  An ufetubus (D:6)
  3 oozes
  2 adder skeletons
  2 worms
  A dart slug (D:2)
  3 leopard geckos
  11 orcs
  5 giant cockroaches
  15 goblins
  7 hobgoblins
  20 jackals
  15 kobolds
  3 quokkas
  A ball python skeleton (D:4)
  6 bats
  3 frilled lizards
  A jackal skeleton (D:7)
  7 rats
172 creatures vanquished.

Vanquished Creatures (others)
  24 plants (D:7)
24 creatures vanquished.

Grand Total: 196 creatures vanquished

Notes
Turn   | Place    | Note
-------+----------+-------------------------------------------
     0 | D:1      | pkoi the Troll Monk began the quest for the Orb.
     0 | D:1      | Reached XP level 1. HP: 22/22 MP: 0/0
   119 | D:1      | Reached XP level 2. HP: 29/29 MP: 1/1
   785 | D:2      | Reached XP level 3. HP: 12/36 MP: 2/2
   882 | D:2      | Found a runed translucent door.
   883 | D:2      | Noticed Crazy Yiuf
  1074 | D:2      | Noticed a scorpion
  1080 | D:2      | Killed a scorpion
  1081 | D:2      | Reached skill level 4 in Unarmed Combat
  1081 | D:2      | Reached XP level 4. HP: 44/44 MP: 3/3
  1316 | D:2      | Killed Crazy Yiuf
  1367 | D:3      | Noticed Robin
  1381 | D:3      | Reached XP level 5. HP: 47/53 MP: 4/4
  1400 | D:3      | Killed Robin
  1462 | D:3      | Reached skill level 5 in Unarmed Combat
  2321 | D:4      | Found a burning altar of Makhleb.
  2328 | D:4      | Became a worshipper of Makhleb the Destroyer
  2328 | D:4      | Reached * piety under Makhleb
  2328 | D:4      | Reached ** piety under Makhleb
  2356 | D:4      | Noticed Sigmund
  2428 | D:4      | Reached XP level 6. HP: 61/61 MP: 5/5
  2550 | D:4      | Found a glowing drain.
  2561 | Sewer    | Entered a sewer
  2629 | Sewer    | Reached skill level 1 in Invocations
  2665 | Sewer    | Found a glowing silver altar of Zin.
  2785 | D:4      | Reached skill level 6 in Unarmed Combat
  3422 | D:5      | Entered Level 5 of the Dungeon
  3604 | D:5      | Reached XP level 7. HP: 65/67 MP: 7/7
  3703 | D:5      | Found a hazy altar of Hepliaklqana.
  3867 | D:5      | Found a blossoming altar of Fedhas.
  3879 | D:5      | Reached skill level 7 in Unarmed Combat
  4034 | D:5      | Found a staircase to the Ecumenical Temple.
  4245 | D:5      | Found a sparkling altar of Nemelex Xobeh.
  4298 | Temple   | Entered the Ecumenical Temple
  4486 | D:6      | Found a basalt altar of Yredelemnul.
  4541 | D:6      | Found a white marble altar of Elyvilon.
  4729 | D:6      | Reached XP level 8. HP: 69/75 MP: 9/9
  4735 | D:6      | Reached skill level 8 in Unarmed Combat
  4738 | D:6      | Reached *** piety under Makhleb
  4792 | D:6      | Found an iron altar of Okawaru.
  4819 | D:6      | Found Horhuth's Distillery.
  4854 | D:6      | Bought a potion of haste for 110 gold pieces
  4854 | D:6      | Bought a potion of curing for 33 gold pieces
  4854 | D:6      | Bought a potion of heal wounds for 55 gold pieces
  4877 | D:6      | Found an iron altar of Okawaru.
  4878 | D:6      | Found a sacrificial altar of Ru.
  4952 | D:6      | Reached skill level 9 in Unarmed Combat
  5086 | D:7      | Noticed Pikel
  5145 | D:6      | Killed Pikel
  5146 | D:6      | Reached skill level 5 in Invocations
  5146 | D:6      | Reached XP level 9. HP: 55/83 MP: 10/12
  5200 | D:7      | Found a radiant altar of Vehumet.
  5768 | D:7      | Reached skill level 1 in Throwing
  5998 | D:7      | HP: 3/84 [electric eel/bolt of electricity (12)]
  6204 | D:7      | Killed from afar by an electric eel

Illustrated notes

Levels and vault maps discovered:
D:1:      lightli_arrival_statuegarden, layout_loops_ring
D:2:      layout_loops_cross, supply_closet_lemuel, uniq_crazy_yiuf_cottage
D:3:      cheibrodos_helix_gallery, layout_loops_corners, uniq_robin
D:4:      layout_loops_corners, cheibrodos_sewer_entry_sluice, bloody_makhleb,
          uniq_sigmund
D:5:      layout_basic, nicolae_overflow_hidden_temple,
          overflow_temple_1_default, kennysheep_mini,
          minmay_temple_entry_water_ring
D:6:      layout_basic, kennysheep_ying_yang, gammafunk_temple_overflow_statue,
          basic_altar, serial_shops, shop_statue
D:7:      layout_gridville, old_standard_altar, serial_bayou,
          serial_bayou_lagoon_a, serial_bayou_pond_a, serial_bayou_pond_d,
          serial_bayou_lake_a, serial_bayou_pond_c, uniq_pikel
Temple:   dshaligram_water_room_temple

Skill      XL: |  1  2  3  4  5  6  7  8  9 |
---------------+----------------------------+-----
Dodging        | 3 |  3.9
Unarmed Combat | 4 5 6 7 9 |  9.8
Fighting       | 3 |  3.9
Invocations    | 1 3 5 6 |  6.0
Throwing       | 1 |  1.8
Stealth        | |  1.0

Action                   |  1- 3 |  4- 6 |  7- 9 || total
-------------------------+-------+-------+-------++-------
Melee: Unarmed           |    75 |   189 |   223 ||   487
       Punch             |       |     5 |     7 ||    12
Throw: Boomerang         |       |       |     6 ||     6
  Use: Scroll            |     5 |     2 |    10 ||    17
 Stab: Sleeping          |     2 |     4 |     1 ||     7
       Distracted        |       |     1 |       ||     1
Armor: Robe              |    34 |    63 |    65 ||   162
Dodge: Dodged            |    33 |   101 |   108 ||   242
